Map: Acid Plant LE

Players

Gerald

  • Race: Protoss Protoss
  • Spawn Location: 11:00

NightEnD - Winner!

  • Race: Protoss Protoss
  • Spawn Location: 5:00

Event: WCS Leipzig 2018

VOD

Have the link to the VOD?

Description

Time

  • Played on: Jan. 26, 2018, 6:25 a.m.
  • Length: 11:55

All games in this series

Show
View Real Time Build Order
Export as new Build Order

Gerald Protoss 

Build Orders: Oracle Opening, Archon Immortal 

Get SALT Encoding   

  12  0:00  Probe  
  13  0:12  Probe  
  14  0:17  Pylon  
  14  0:25  Probe (Chrono Boost)  
  15  0:37  Probe (Chrono Boost)  
  15  0:38  Gateway  
  15  0:42  Assimilator  
  16  0:44  Probe (Chrono Boost)  
  17  0:54  Probe (Chrono Boost)  
  17  0:55  Assimilator  
  18  1:06  Probe (Chrono Boost)  
  19  1:12  Probe (Chrono Boost), Gateway  
  20  1:20  Probe  
  20  1:24  Cybernetics Core  
  22  1:32  Probe  
  22  1:35  Pylon  
  22  1:44  Probe  
  23  1:57  Probe  
  23  1:58  Warp Gate (Chrono Boost)  
  23  2:01  Adept x2  
  28  2:09  Probe  
  29  2:17  Pylon  
  29  2:21  Probe  
  30  2:24  Stargate  
  30  2:33  Probe  
  30  2:35  Stalker  
  33  2:37  Stalker  
  35  2:47  Probe  
  35  3:07  Nexus  
  35  3:11  Oracle (Chrono Boost)  
  38  3:22  Probe  
  38  3:23  Pylon  
  39  3:41  Probe, Oracle  
  43  3:54  Probe  
  42  4:07  Probe  
  41  4:14  Adept x2  
  45  4:17  Twilight Council  
  45  4:19  Probe x2  
  47  4:27  Robotics Facility  
  47  4:31  Probe  
  48  4:32  Probe  
  48  4:33  Shield Battery  
  48  4:35  Stalker  
  51  4:39  Stalker  
  51  4:43  Probe  
  46  4:56  Probe x2  
  46  4:57  Blink (Chrono Boost)  
  48  5:08  Probe x2  
  50  5:20  Probe x2 (Chrono Boost)  
  48  5:22  Observer  
  48  5:24  Assimilator  
  48  5:25  Assimilator  
  49  5:31  Probe (Chrono Boost)  
  49  5:32  Probe (Chrono Boost), Stalker  
  49  5:33  Stalker  
  55  5:36  Probe (Chrono Boost)  
  55  5:37  Probe (Chrono Boost)  
  57  5:46  Probe  
  57  5:47  Probe  
  56  5:57  Immortal (Chrono Boost)  
  56  5:58  Probe  
  61  6:04  Probe  
  61  6:07  Pylon  
  61  6:09  Forge  
  61  6:10  Probe  
  61  6:11  Gateway  
  60  6:13  Gateway  
  60  6:20  Gateway  
  60  6:21  Probe  
  61  6:27  Probe  
  61  6:30  Sentry  
  61  6:31  Sentry, Warp Prism (Chrono Boost)  
  68  6:33  Probe  
  68  6:37  Pylon  
  69  6:42  Pylon  
  69  6:50  Probe  
  70  6:58  Probe  
  68  7:01  Protoss Ground Weapons Level 1  
  68  7:02  Probe  
  68  7:10  Probe  
  68  7:14  Probe  
  70  7:19  Pylon  
  70  7:20  Nexus  
  70  7:23  Pylon  
  70  7:26  Stalker x3  
  70  7:29  Stalker  
  78  7:37  Probe  
  78  7:38  Dark Shrine  
  78  7:43  Probe  
  80  7:49  Probe  
  81  7:55  Probe  
  82  8:00  Gateway  
  82  8:01  Gateway  
  82  8:03  Gateway  
  82  8:04  Warp Prism (Chrono Boost)  
  82  8:16  Pylon  
  82  8:18  Probe  
  83  8:23  Pylon  
  83  8:25  Pylon  
  83  8:27  Cybernetics Core  
  83  8:29  Templar Archives  
  83  8:31  Immortal (Chrono Boost)  
  87  8:47  Assimilator  
  87  8:52  Assimilator  
  87  8:59  Protoss Ground Weapons Level 2 (Chrono Boost)  
  87  9:07  Immortal  
  91  9:11  Probe  
  91  9:12  Probe, High Templar x5  
  91  9:14  Probe  
  104  9:17  Shield Battery  
  104  9:18  Pylon  
  104  9:23  Archon x2  
  104  9:30  Pylon  
  104  9:39  Immortal  
  104  9:51  Dark Templar x5  
  116  9:58  Archon x2  
  116  9:59  Probe, Archon  
  117  10:01  Photon Cannon  
  117  10:02  Probe  
  117  10:04  Pylon  
  110  10:14  Zealot  
  110  10:15  Zealot  
  110  10:21  Zealot  
  101  10:23  Zealot x3  
  101  10:24  Zealot x2  
  72  10:35  Dark Templar x2  
  72  10:41  Dark Templar  
  64  10:43  Dark Templar x3  
  64  10:44  Dark Templar  
  64  10:49  Probe, Immortal (Chrono Boost)  
  73  10:50  Probe  
  73  10:52  Assimilator  
  73  10:53  Pylon  
  73  10:56  Archon  
  73  10:57  Archon x2  
  77  11:01  Probe  
  77  11:03  Probe  
  79  11:08  Zealot, Dark Templar  
  79  11:09  Zealot  
  85  11:12  Archon  
  85  11:18  Zealot x3  
  74  11:36  Zealot x4  
  74  11:38  Zealot x3  
  55  11:49  Zealot  
Show
View Real Time Build Order
Export as new Build Order

NightEnD Protoss - Winner!

Build Orders: Oracle Opening 

Get SALT Encoding   

  12  0:00  Probe  
  13  0:12  Probe  
  14  0:19  Pylon  
  14  0:24  Probe  
  15  0:37  Probe (Chrono Boost)  
  16  0:42  Gateway  
  16  0:45  Assimilator  
  16  0:48  Probe (Chrono Boost)  
  17  0:53  Probe (Chrono Boost)  
  17  0:56  Assimilator  
  18  1:03  Probe  
  19  1:10  Gateway  
  19  1:16  Probe  
  20  1:28  Probe  
  20  1:29  Cybernetics Core  
  21  1:36  Pylon  
  21  1:40  Probe  
  22  1:52  Probe  
  23  2:06  Stalker  
  23  2:07  Warp Gate (Chrono Boost)  
  25  2:10  Sentry  
  25  2:12  Probe  
  28  2:27  Stargate  
  28  2:36  Stalker  
  30  2:48  Nexus  
  30  2:57  Pylon  
  30  3:09  Pylon  
  30  3:13  Oracle (Chrono Boost)  
  30  3:19  Shield Battery  
  33  3:24  Pylon  
  33  3:32  Shield Battery, Probe  
  33  3:45  Probe, Oracle (Chrono Boost)  
  37  3:51  Pylon  
  37  3:57  Probe  
  37  4:01  Probe  
  39  4:09  Probe, Stalker, Sentry  
  44  4:13  Probe (Chrono Boost)  
  45  4:21  Probe (Chrono Boost)  
  47  4:25  Probe (Chrono Boost)  
  47  4:30  Probe (Chrono Boost)  
  48  4:32  Probe (Chrono Boost)  
  48  4:33  Twilight Council  
  48  4:35  Probe (Chrono Boost)  
  50  4:38  Stalker  
  50  4:39  Probe  
  53  4:51  Probe  
  46  4:55  Probe  
  45  5:01  Stalker  
  45  5:02  Stalker  
  45  5:03  Probe  
  51  5:07  Probe  
  50  5:15  Probe  
  50  5:19  Probe (Chrono Boost)  
  50  5:20  Phoenix (Chrono Boost)  
  49  5:26  Charge  
  52  5:31  Probe (Chrono Boost)  
  52  5:32  Probe (Chrono Boost)  
  52  5:34  Assimilator  
  53  5:36  Forge  
  53  5:38  Probe (Chrono Boost), Assimilator, Pylon  
  54  5:56  Probe x2  
  56  6:02  Robotics Facility  
  56  6:05  Adept x2  
  56  6:08  Probe x2, Pylon  
  62  6:12  Protoss Ground Weapons Level 1  
  62  6:15  Pylon  
  60  6:20  Probe x2  
  62  6:30  Sentry, Pylon  
  62  6:31  Zealot  
  66  6:32  Probe  
  66  6:36  Probe  
  68  6:45  Probe  
  69  6:48  Immortal (Chrono Boost)  
  69  6:52  Probe  
  74  6:57  Probe  
  75  7:06  Probe  
  72  7:09  Probe  
  72  7:11  Gateway x2  
  72  7:12  Gateway  
  72  7:13  Gateway  
  73  7:17  Immortal (Chrono Boost)  
  73  7:20  Templar Archives  
  77  7:23  Zealot  
  77  7:24  Zealot  
  77  7:27  Pylon  
  77  7:28  Pylon  
  81  7:40  Photon Cannon  
  81  7:43  Pylon  
  81  7:45  Immortal (Chrono Boost)  
  81  7:47  Sentry  
  81  7:48  Zealot  
  89  8:02  Pylon  
  89  8:09  High Templar x3  
  89  8:11  High Templar  
  89  8:12  Zealot x2  
  101  8:15  Warp Prism (Chrono Boost), Archon  
  101  8:16  Archon  
  103  8:25  Gateway  
  103  8:27  Gateway  
  103  8:34  Zealot  
  103  8:35  Zealot  
  103  8:37  Pylon  
  103  8:38  Pylon  
  107  8:41  High Templar x2  
  107  8:42  Zealot  
  107  8:45  Observer (Chrono Boost)  
  107  8:48  Archon  
  114  9:00  Zealot x3  
  120  9:05  Pylon  
  120  9:07  Pylon  
  120  9:17  High Templar x2  
  120  9:23  Archon  
  120  9:26  Zealot  
  120  9:27  Zealot x3  
  120  9:28  Zealot x2  
  133  9:31  Observer  
  131  9:54  Zealot x5  
  131  9:55  Zealot x3  
  131  10:15  Zealot  
  131  10:16  Zealot x6  
  121  10:33  Observer (Chrono Boost)  
  113  10:39  High Templar x3  
  113  10:40  High Templar  
  113  10:41  Zealot x4  
  121  10:46  Archon  
  117  10:55  Observer (Chrono Boost)  
  112  11:01  Photon Cannon  
  112  11:05  High Templar  
  112  11:08  Observer (Chrono Boost)  
  112  11:09  Zealot x3  
  112  11:11  Archon  
  121  11:12  Zealot x3  
  121  11:13  Zealot  
  127  11:32  High Templar x2  
  119  11:33  Zealot  
  119  11:34  Zealot x3  
  119  11:38  Zealot x2, Archon  
Tags
 
Add a new tag
Caveats
  • Supply blocks, unpowered buildings, or Contaminate may cause inaccurate times.
  • Supply counts are checked every 10 seconds.